 Dungeon Crawl Stone Soup version 0.21-a0-625-g1119ec1 (webtiles) character file.

7 tidbits the Grasshopper (level 2, 23/23 HPs)
             Began as a Gnoll Wanderer on Dec 24, 2017.
             Was a Follower of the Shining One.
             Quit the game on level 2 of the Dungeon.
             The game lasted 00:01:09 (114 turns).

tidbits the Grasshopper (Gnoll Wanderer)             Turns: 114, Time: 00:01:10

Health: 23/23      AC:  2    Str: 15    XL:     2   Next: 4%
Magic:  3/3        EV: 11    Int: 15    God:    the Shining One [*.....]
Gold:   0          SH:  0    Dex: 12    Spells: 1/1 levels left

rFire    . . .     SeeInvis .   c - +0 shortbow
rCold    . . .     Gourm    .   (shield currently unavailable)
rNeg     . . .     Faith    .   e - +0 robe
rPois    .         Spirit   .   (no helmet)
rElec    .         Reflect  .   (no cloak)
rCorr    .         Harm     .   (no gloves)
MR       .....                  (no boots)
Stlth    +.........             (no amulet)
HPRegen  0.07/turn              (no ring)
MPRegen  0.08/turn              (no ring)

@: glowing
A: distributed training, fangs 1, strong nose
a: Renounce Religion


You were on level 2 of the Dungeon.
You worshipped the Shining One.
The Shining One was aware of your devotion.
You were not hungry.

You visited 1 branch of the dungeon, and saw 2 of its levels.

Inventory:

Hand Weapons
 c - a +0 shortbow (weapon)
 g - a +0 dagger
Missiles
 d - 23 arrows (quivered)
Armour
 e - a +0 robe (worn)
Scrolls
 h - a scroll of identify {unknown}
Books
 a - a book of Spatial Translocations

   Spells                             Type                      Level
   a - Blink                          Translocation                2
   b - Shroud of Golubria             Charms/Translocation         2
   c - Lesser Beckoning               Translocation                3
   d - Gell's Gravitas                Translocation                3
   e - Teleport Other                 Translocation                3
   f - Passage of Golubria            Translocation                4
 b - the Catalogue of the Arsonist

   Spells                             Type                      Level
   a - Flame Tongue                   Conjuration/Fire             1
   b - Inner Flame                    Hexes/Fire                   3
Comestibles
 f - 2 rations


   Skills:
 + Level 2.4 Fighting
 + Level 0.2 Short Blades
 + Level 0.2 Long Blades
 + Level 0.2 Axes
 + Level 0.2 Maces & Flails
 + Level 0.2 Polearms
 + Level 0.2 Staves
 + Level 0.2 Slings
 + Level 4.4 Bows
 + Level 0.2 Crossbows
 + Level 0.2 Throwing
 + Level 0.2 Armour
 + Level 0.2 Dodging
 + Level 0.2 Stealth
 + Level 2.4 Shields
 + Level 0.2 Unarmed Combat
 + Level 0.2 Spellcasting
 + Level 0.1 Conjurations
 + Level 0.1 Hexes
 + Level 0.1 Charms
 + Level 0.1 Summonings
 + Level 0.1 Necromancy
 + Level 7.0 Translocations
 + Level 2.0 Transmutations
 + Level 0.1 Fire Magic
 + Level 0.1 Ice Magic
 + Level 0.1 Air Magic
 + Level 0.1 Earth Magic
 + Level 0.1 Poison Magic
 + Level 0.3 Invocations
 + Level 2.4 Evocations


You had one spell level left.
You didn't know any spells.

Dungeon Overview and Level Annotations

Branches:
Dungeon (2/15)

Altars:
The Shining One


Innate Abilities, Weirdness & Mutations

Your experience applies equally to all skills.
You have very sharp teeth.
Your uncanny sense of smell can sniff out nearby items.


Message History

Welcome, tidbits the Gnoll Wanderer.
It is said that the Orb of Zot exists deep within this dungeon.
Press ? for a list of commands and other information.
Found a staircase leading out of the dungeon.
Okay, then.
You open the door.
There is an open door here.
A goblin and a kobold come into view.
The goblin shouts!
The kobold shouts!
Firing (i - inventory):
d - 29 arrows (quivered)
Press: ? - help, Shift-Dir - straight line, f - kobold
Aim: a kobold, wielding a short sword You shoot an arrow.
The arrow hits the goblin!
You kill the goblin!
Firing (i - inventory):
d - 28 arrows (quivered)
Press: ? - help, Shift-Dir - straight line, f/p - kobold
Aim: a kobold, wielding a short sword You shoot an arrow.
The arrow hits the kobold.
You kill the kobold!
A dart slug comes into view.
Things that are here:
an arrow; a dagger; a goblin corpse
g - a dagger;
d - 28 arrows (gained 1) Firing (i - inventory):
d - 28 arrows (quivered)
Press: ? - help, Shift-Dir - straight line, f - dart slug
Aim: a dart slug (clinging)
You shoot an arrow. The arrow hits the dart slug!
You kill the dart slug!
Your Transmutations skill increases to level 2!
d - 28 arrows (gained 1)
You see here a short sword.
Autopickup is now off.
Things that are here:
an arrow; a dart slug corpse
Found a ration.
Found a stone staircase leading down.
You see here a ration.
f - 2 rations (gained 1)
Found a scroll labeled QASSELA UBETO.
There is a stone staircase leading down here.
You see here a scroll labeled QASSELA UBETO.
h - a scroll labeled QASSELA UBETO
There is a stone staircase leading down here.
You climb downwards.
There is a stone staircase leading up here.
A bat comes into view.
Firing (i - inventory):
d - 28 arrows (quivered)
Press: ? - help, Shift-Dir - straight line, f - bat
Aim: a bat (resting)
You shoot an arrow. The arrow hits the bat.
The bat is severely wounded.
Firing (i - inventory):
d - 27 arrows (quivered)
Press: ? - help, Shift-Dir - straight line, f/p - bat
Aim: a bat (severely wounded)
You shoot an arrow. The arrow misses the bat.
The bat hits you.
Firing (i - inventory):
d - 26 arrows (quivered)
Press: ? - help, Shift-Dir - straight line, f/p - bat
Aim: a bat (severely wounded)
You shoot an arrow. The arrow hits the bat!
You kill the bat!
You have reached level 2!
Okay, then.
You see here an arrow.
A bat comes into view.
Firing (i - inventory):
d - 25 arrows (quivered)
Press: ? - help, Shift-Dir - straight line, f - bat
Aim: a bat (resting)
You shoot an arrow. The arrow hits the bat.
The bat is moderately wounded.
The bat hits you but does no damage.
Firing (i - inventory):
d - 24 arrows (quivered)
Press: ? - help, Shift-Dir - straight line, f/p - bat
Aim: a bat (moderately wounded)
You shoot an arrow. The arrow barely misses the bat.
The bat hits you but does no damage.
Firing (i - inventory):
d - 23 arrows (quivered)
Press: ? - help, Shift-Dir - straight line, f/p - bat
Aim: a bat (moderately wounded)
You shoot an arrow. The arrow hits the bat!
You kill the bat!
You see here an arrow.
d - 23 arrows (gained 1)
Found a faded altar of an unknown god.
You enter the shallow water.
Moving in this stuff is going to be slow.
Found a leather armour.
There is a faded altar of an unknown god here.
You cannot tell which god this altar belongs to.
Convert to them anyway?
The Shining One accepts your prayer! The Shining One welcomes you!
You and your allies can gain power from killing the unholy and evil.
Are you sure you want to abandon this character and quit the game? (Confirm with "yes".)

..... ...###.#
...##.......##..# #.#
.≈≈..≈.....≈≈..(# #.#
.≈.≈[.≈.≈.≈..≈.†# #.#
#.≈≈≈≈≈≈≈≈≈≈≈...# #.#
..≈≈≈≈≈≈≈≈≈≈≈≈..###.#
#.≈≈≈≈≈≈≈≈≈≈.....(..#
#..≈≈≈≈♣≈≈≈≈(≈.####.#
♣@.≈≈≈≈≈.# ###
..≈≈≈≈...≈≈≈.........
...≈≈≈≈≈≈≈≈≈..#######
#.≈≈≈≈≈≈≈≈≈≈≈.+
#..≈≈≈≈≈≈≈≈≈≈≈#
#..≈≈...≈≈.≈≈.# ∆
..≈≈......≈≈..#
......####.####


There were no monsters in sight!

Vanquished Creatures
  A dart slug (D:1)
  2 bats (D:2)
  A goblin (D:1)
  A kobold (D:1)
5 creatures vanquished.

Notes
Turn   | Place    | Note
-------+----------+-------------------------------------------
     0 | D:1      | tidbits the Gnoll Wanderer began the quest for the Orb.
     0 | D:1      | tidbits set off with: a book of Spatial Translocations, the Catalogue of the Arsonist, a +0 shortbow, 29 arrows, a +0 robe, a ration
     0 | D:1      | Reached XP level 1. HP: 17/17 MP: 2/2
     0 | D:1      | Identified the Catalogue of the Arsonist
    27 | D:1      | Reached skill level 2 in Transmutations
    97 | D:2      | Reached XP level 2. HP: 22/23 MP: 3/3
   105 | D:2      | Found a faded altar of an unknown god.
   113 | D:2      | Became a worshipper of the Shining One
   113 | D:2      | Reached * piety under the Shining One
   114 | D:2      | Quit the game

Vault maps used:
D:1:      saegor_arrival_under_anarchy
D:2:      grunt_temple_overflow_gold_and_silver, gammafunk_temple_overflow_wave,
          gammafunk_temple_overflow_arena, marbit_many_paths,
          chequers_ecumenical_altar_island

Skill      XL: |  1 |
---------------+----+-----
Transmutations | 2 |  2.0
Fighting       | |  2.4
Short Blades   | |  0.2
Long Blades    | |  0.2
Axes           | |  0.2
Maces & Flails | |  0.2
Polearms       | |  0.2
Staves         | |  0.2
Slings         | |  0.2
Bows           | |  4.4
Crossbows      | |  0.2
Throwing       | |  0.2
Armour         | |  0.2
Dodging        | |  0.2
Stealth        | |  0.2
Shields        | |  2.4
Unarmed Combat | |  0.2
Spellcasting   | |  0.2
Conjurations   | |  0.1
Hexes          | |  0.1
Charms         | |  0.1
Summonings     | |  0.1
Necromancy     | |  0.1
Translocations | |  7.0
Fire Magic     | |  0.1
Ice Magic      | |  0.1
Air Magic      | |  0.1
Earth Magic    | |  0.1
Poison Magic   | |  0.1
Invocations    | |  0.3
Evocations     | |  2.4

Action                   || total
-------------------------++-------
 Fire: Shortbow          ||     9
Armor: Robe              ||     2

Table legend:
 A = Spawn XP
 B = Non-spawn XP
 C = Spawn XP percentage of total XP
 D = Spawn monster count
 E = Non-spawn monster count
 F = Spawn count percentage of total count
 G = Total turns spent on level
                    A         B        C        D         E        F      G
               +---------+---------+-------+---------+---------+-------+---------
         Total |       0 |      11 |   0.0 |       0 |       5 |   0.0 |   114
               +---------+---------+-------+---------+---------+-------+---------
           D:1 |       0 |       8 |   0.0 |       0 |       3 |   0.0 |    86
           D:2 |       0 |       3 |   0.0 |       0 |       2 |   0.0 |    28
               +---------+---------+-------+---------+---------+-------+---------

Table legend:
 A = Turns spent in this place as a percentage of turns spent in the entire game.
 B = Non-inter-level travel turns spent in this place as a percentage of non-inter-level travel turns spent in the entire game.
 C = Inter-level travel turns spent in this place as a percentage of turns spent in this place.
 D = Turns resting spent in this place as a percentage of non-inter-level travel turns spent in this place.
 E = Turns spent auto-exploring this place as a percentage of non-inter-level travel turns spent in this place.
 F = Non-inter-level travel turns spent in this place divided by the number of levels of this place that you've seen.
                   A       B       C       D       E      F
               +-------+-------+-------+-------+-------+----------------------
         Total | 100.0 | 100.0 |   0.0 |   0.0 |   0.0 |  57.0
       Dungeon | 100.0 | 100.0 |   0.0 |   0.0 |   0.0 |  57.0
               +-------+-------+-------+-------+-------+----------------------

Table legend:
 A = Kills in this place as a percentage of kills in entire the game.
 B = Kills by you in this place as a percentage of kills by you in the entire game.
 C = Kills by friends in this place as a percentage of kills by friends in the entire game.
 D = Other kills in this place as a percentage of other kills in the entire game.
 E = Experience gained in this place as a percentage of experience gained in the entire game.
 F = Experience gained in this place divided by the number of levels of this place that you have seen.
                   A       B       C       D       E      F
               +-------+-------+-------+-------+-------+----------------------
         Total | 100.0 | 100.0 |   N/A |   N/A | 100.0 |   5.5
       Dungeon | 100.0 | 100.0 |   N/A |   N/A | 100.0 |   5.5
               +-------+-------+-------+-------+-------+----------------------

Vault maps used:
D:1:      saegor_arrival_under_anarchy
D:2:      grunt_temple_overflow_gold_and_silver, gammafunk_temple_overflow_wave,
          gammafunk_temple_overflow_arena, marbit_many_paths,
          chequers_ecumenical_altar_island
